 Dungeon Crawl Stone Soup version 0.31-a0-699-g830162fb6c (webtiles) character file.

Game seed: 9864225927202916069

303 qw the Shooter (level 6, -5/39 HPs)
             Began as a Gargoyle Hunter on Sept 7, 2023.
             Slain by a wight
             ... wielding a +3 great sword of freezing
              (8 damage)
             ... on level 4 of the Dungeon.
             The game lasted 00:00:48 (2189 turns).

qw the Shooter (Gargoyle Hunter)                    Turns: 2189, Time: 00:00:49

Health: -5/39      AC: 11    Str: 14    XL:     6   Next: 38%
Magic:  0/6        EV: 10    Int: 10    God:
Gold:   114        SH:  0    Dex: 15    Spells: 5/5 levels left

rFire   . . .        j - +0 shortbow (heavy)
rCold   . . .        (shield currently unavailable)
rNeg    + . .        f - +0 ring mail
rPois   inf          (no helmet)
rElec   +            k - +0 cloak
rCorr   .            (no gloves)
SInv    .            o - +0 pair of boots
Will    +....        h - amulet of guardian spirit
Stlth   +            b - ring of willpower
HPRegen 0.26/turn    (no ring)
MPRegen 0.10/turn

%: guardian spirit
@: no status effects
A: sickness immunity, AC +4, negative energy resistance 1, electricity
resistance, torment resistance 1, petrification resistance
a: no special abilities


You were on level 4 of the Dungeon.
You visited 1 branch of the dungeon, and saw 4 of its levels.

You collected 168 gold pieces.
You spent 54 gold pieces at shops.


Innate Abilities, Weirdness & Mutations

You are immune to sickness and miasma.
Your stone body is resilient. (AC +4)
You are immune to poison.
You resist negative energy. (rN+)
You are resistant to electric shocks. (rElec)
You are resistant to unholy torment.
You are immune to petrification.


   Skills:
 - Level 4.6 Fighting
 + Level 6.3 Ranged Weapons
 - Level 1.0 Armour
 - Level 1.5 Dodging
 - Level 1.1 Stealth


You had 5 spell levels left.
You didn't know any spells.
Your spell library was empty.

Inventory:

Hand Weapons
 j - a +0 heavy shortbow (weapon)
Armour
 f - a +0 ring mail (worn)
 k - a +0 cloak (worn)
 o - a +0 pair of boots (worn)
Jewellery
 b - a ring of willpower (left hand)
 d - a ring of willpower
 h - an amulet of guardian spirit (around neck)
Scrolls
 q - a scroll of identify
Potions
 a - a potion of experience {unknown}
 c - a potion of might {unknown}
 e - a potion of brilliance {unknown}
 g - 2 potions of haste {unknown}
 i - a potion of mutation {unknown}
 l - a potion of degeneration {unknown}
 m - a potion of attraction {unknown}
 n - a potion of enlightenment {unknown}
 p - a potion of resistance {unknown}
 r - a potion of cancellation
 t - a potion of heal wounds {unknown}

Dungeon Overview and Level Annotations

Branches:
Dungeon (4/15)
 Temple: D:4-7

Altars:
Gozag
Qazlal
The Shining One

Shops:
D:3 ([[

Annotations:
D:4 3 runed translucent doors, qw's ghost, amateur GrHu


Message History

You shoot an arrow. The arrow barely misses the wight.
The arrow hits the phantom.
The phantom is lightly damaged.
The wight hits you with a +0 flail!
You shoot an arrow.
The arrow hits the wight but does no damage.
The wight is heavily damaged.
The wight hits you but does no damage. x2
You shoot an arrow. The arrow hits the wight!
You destroy the wight!
The phantom closely misses you.
You shoot an arrow. The arrow closely misses the phantom.
The arrow hits the wight.
The wight is lightly damaged.
The phantom hits you but does no damage.
The phantom barely misses you.
You shoot an arrow. The arrow hits the phantom!
The phantom is heavily damaged.
The phantom hits you but does no damage. x2
You shoot an arrow. The arrow barely misses the phantom.
The arrow hits the wight but does no damage.
The wight is lightly damaged.
The phantom hits you.
The phantom blinks!
You blink.
Enter note:
2187 |||
Found retreat position at 0,-1 (wight; floor) with 0 blocking monsters and 1 monsters attacking at destination at distance 1
Enter note: You shoot an arrow.
The arrow hits the phantom.
The phantom is heavily damaged.
The wight barely misses you. The phantom closely misses you.
The phantom barely misses you. The wight hits you with a +0 scimitar!
2188 |||
Found retreat position at 0,-1 (wight; floor) with 0 blocking monsters and 1 monsters attacking at destination at distance 1 You shoot an arrow.
The arrow hits the phantom.
The phantom is severely damaged.
The wight barely misses you.
The phantom hits you but does no damage.
The wight hits you but does no damage. The phantom hits you.
2189 |||
Found retreat position at 0,-1 (wight; floor) with 0 blocking monsters and 1 monsters attacking at destination at distance 1 You shoot an arrow.
The arrow barely misses the phantom.
The wight hits you with a +3 great sword of freezing!
You die...

#.# #.#
#.# #.#
#.# #.#
#)# #z#
#@# #zW#
.....
#.......
#.......#
#........#
#........#
.........#


You could see a phantom and 2 wights.

Vanquished Creatures
  3 wights (D:4)
  Ijyb (D:4)
  An iguana (D:4)
  2 adders (D:3)
  10 dart slugs (D:3)
  3 orcs
  4 ball pythons
  2 bats (D:3)
  2 endoplasms (D:2)
  3 giant cockroaches
  10 hobgoblins
  3 kobolds
  5 quokkas
  A frilled lizard (D:3)
  5 goblins
  5 rats
60 creatures vanquished.

Notes
Turn   | Place    | Note
-------+----------+-------------------------------------------
     0 | D:1      | qw the Gargoyle Hunter began the quest for the Orb.
     0 | D:1      | Reached XP level 1. HP: 12/12 MP: 1/1
     0 | D:1      | 0 ||| qw: Version: 0.3-a-76-g4403597
     0 | D:1      | 0 ||| qw: Game counter: 398
     0 | D:1      | 0 ||| qw: Melee chars always use a shield: true
     0 | D:1      | 0 ||| qw: God list: Okawaru
     0 | D:1      | 0 ||| qw: Allow faded altars: false
     0 | D:1      | 0 ||| qw: Do Orc after clearing Dungeon:15 true
     0 | D:1      | 0 ||| qw: Do second Lair branch before Depths: true
     0 | D:1      | 0 ||| qw: Lair rune preference: random
     0 | D:1      | 0 ||| qw: Goals: Normal
     0 | D:1      | 0 ||| PLANNING D:1-11
   579 | D:1      | Reached XP level 2. HP: 15/17 MP: 2/2
   632 | D:1      | 632 ||| UPGRADING to +0 ring mail.
   642 | D:1      | 642 ||| DROPPING +0 leather armour.
   643 | D:1      | 643 ||| UPGRADING to +0 cloak.
   648 | D:1      | 648 ||| UPGRADING to amulet of guardian spirit.
   653 | D:1      | 653 ||| READING scroll labelled HOMAL XAUWN.
   654 | D:1      | 654 ||| READING scroll labelled BUCSUQ YTYPRO.
   655 | D:1      | 655 ||| READING scroll labelled OJEPOSUZIDGH.
   656 | D:1      | 656 ||| READING scroll labelled UDGHIGH ROISOOF.
   657 | D:1      | 657 ||| DROPPING scroll of butterflies.
   772 | D:2      | Reached skill level 1 in Armour
   833 | D:2      | Found a glowing golden altar of the Shining One.
  1112 | D:2      | 1112 ||| UPGRADING to ring of willpower.
  1126 | D:3      | 1126 ||| Stepping ~*~*~tactically~*~*~ (outnumbered).
  1127 | D:3      | 1127 ||| Stepping ~*~*~tactically~*~*~ (outnumbered).
  1128 | D:3      | 1128 ||| STAIRDANCE
  1152 | D:3      | 1152 ||| Stepping ~*~*~tactically~*~*~ (outnumbered).
  1153 | D:3      | 1153 ||| Stepping ~*~*~tactically~*~*~ (outnumbered).
  1154 | D:3      | 1154 ||| Stepping ~*~*~tactically~*~*~ (outnumbered).
  1160 | D:3      | Reached XP level 3. HP: 20/21 MP: 3/3
  1166 | D:3      | Reached skill level 5 in Ranged Weapons
  1334 | D:3      | Found a stormy altar of Qazlal.
  1343 | D:3      | Reached XP level 4. HP: 27/27 MP: 4/4
  1345 | D:3      | Reached skill level 3 in Fighting
  1345 | D:3      | Found Opurery's Armour Shoppe.
  1353 | D:3      | 1353 ||| BUYING +0 pair of boots (54 gold).
  1353 | D:3      | Bought a +0 pair of boots for 54 gold pieces
  1486 | D:3      | Identified the +1 leather armour of Dishonesty {*Corrode
                  | rPois Str+3 Int+3}
  1561 | D:3      | Found Tetityos's Antique Weapon Boutique.
  1733 | D:3      | Found Veokot's Armour Emporium.
  1740 | D:3      | 1740 ||| SHOPLISTING +0 leather armour of Zahet {rF+ Dex+4
                  | SInv} (314 gold, have 114).
  1740 | D:3      | 1740 ||| SHOPLISTING +1 robe of willpower (139 gold, have
                  | 114).
  1881 | D:3      | 1881 ||| UPGRADING to +0 pair of boots.
  1886 | D:3      | 1886 ||| READING scroll labelled UHIS BOTOAKLIRGH.
  1887 | D:3      | 1887 ||| READING scroll labelled ASE EDWOSESU.
  1888 | D:3      | 1888 ||| READING scroll labelled QAROGU ECKUM.
  1889 | D:3      | 1889 ||| READING scroll labelled PYSYFO WENLI.
  1894 | D:3      | 1894 ||| READING scroll labelled NYSEBLO UPATZ.
  1895 | D:3      | 1895 ||| DRINKING 2 bubbling green potions.
  1902 | D:4      | Noticed a kobold brigand
  1902 | D:4      | Found a runed translucent gate.
  1902 | D:4      | Found a runed translucent gate.
  1902 | D:4      | Found an opulent altar of Gozag.
  1902 | D:4      | Found a runed translucent gate.
  1903 | D:4      | Noticed qw's ghost (amateur GrHu)
  2081 | D:4      | Noticed Ijyb
  2091 | D:4      | Killed Ijyb
  2108 | D:4      | Reached XP level 5. HP: 32/32 MP: 5/5
  2118 | D:4      | Reached skill level 6 in Ranged Weapons
  2175 | D:4      | Noticed a phantom
  2178 | D:4      | Reached XP level 6. HP: 26/39 MP: 3/6
  2187 | D:4      | HP: 6/39 [wight/+0 scimitar (7)]
  2188 | D:4      | HP: 2/39 [phantom (4)]
  2189 | D:4      | Slain by a wight

Levels and vault maps discovered:
D:1:      saegor_arrival_under_anarchy, layout_basic
D:2:      layout_basic, basic_altar, minmay_stone_trees_medium
D:3:      kennysheep_slugbush, layout_basic,
          mainiacjoe_overflow_surrounded_room, serial_shops, shop, shop,
          nicolae_shop_competitors_out_of_business
D:4:      layout_basic, serial_glass, glass_columns_b, glass_columns_c,
          ebering_ghost_gozag, eino_tiny_chamber, uniq_ijyb

Skill      XL: |  1  2  3  4  5 |
---------------+----------------+-----
Armour         | 1 |  1.0
Ranged Weapons | 5 6 |  6.3
Fighting       | 3 4 |  4.6
Dodging        | |  1.5
Stealth        | |  1.1

Action                     |  1- 3 |  4- 6 || total
---------------------------+-------+-------++-------
   Fire: Shortbow          |    65 |    75 ||   140
    Use: Scroll            |     4 |     5 ||     9
         Potion            |       |     1 ||     1
 Armour: Leather armour    |     3 |       ||     3
         Ring mail         |    30 |    44 ||    74
  Dodge: Dodged            |    17 |    28 ||    45

Table legend:
 A = Non-vault XP
 B = Vault XP
 C = Vault XP percentage of total XP
 D = Non-vault monster count
 E = Vault monster count
 F = Vault count percentage of total count
                 A         B        C        D         E       F
            +---------+---------+-------+---------+---------+-------
      Total |     362 |      71 |  16.4 |      50 |      10 |  16.7
            +---------+---------+-------+---------+---------+-------
        D:1 |      11 |       0 |   0.0 |       7 |       0 |   0.0
        D:2 |      14 |       0 |   0.0 |       8 |       0 |   0.0
        D:3 |      61 |      36 |  37.1 |      20 |       9 |  31.0
        D:4 |     276 |      35 |  11.3 |      15 |       1 |   6.2
            +---------+---------+-------+---------+---------+-------
